[Event "LTU-chT 2020"]
[Site "Vilnius"]
[Date "2020.09.25"]
[Round "3.1"]
[White "Juksta, Karolis"]
[Black "Laurusas, Tomas"]
[Result "1-0"]
[ECO "A50"]
[WhiteElo "2394"]
[BlackElo "2503"]
[Annotator "ChessBase"]
[PlyCount "53"]
[EventDate "2020.09.25"]
[EventType "team-tourn"]
[EventCountry "LTU"]
[SourceTitle "playchess.com"]
[Source "ChessBase"]
[SourceQuality "1"]
[TimeControl "40/5400+30:1800+30"]

1. d4 Nf6 2. c4 c6 3. Nc3 d5 4. cxd5 cxd5 5. Bf4 Nc6 6. e3 Bf5 7. Nf3 e6 8. Qb3 Qb6 9. Qxb6 axb6 10. a3 Be7 11. Bb5 O-O 12. O-O Rfc8 13. h3 h6 14. Rac1 g5 15. Bg3 Ra5 16. Be2 Ne4 17. Nxe4 Bxe4 18. Rc3 f6 19. Rfc1 Rca8 20. Bc7 Bd8 21. Bxd8 Rxd8 22. Rb3 Bxf3 23. gxf3 b5 24. Bxb5 Na7 25. Bd3 Rd7 26. Rb6 Kf7 27. Rc3 1-0

[Event "LTU-chT 2020"]
[Site "Vilnius"]
[Date "2020.09.25"]
[Round "3.2"]
[White "Pultinevicius, Paulius"]
[Black "Stremavicius, Pijus"]
[Result "1-0"]
[ECO "A41"]
[WhiteElo "2510"]
[BlackElo "2189"]
[Annotator "ChessBase"]
[PlyCount "59"]
[EventDate "2020.09.25"]
[EventType "team-tourn"]
[EventCountry "LTU"]
[SourceTitle "playchess.com"]
[Source "ChessBase"]
[SourceQuality "1"]
[TimeControl "40/5400+30:1800+30"]

1. Nf3 d6 2. d4 Bg4 3. Nbd2 Nf6 4. c4 Nbd7 5. h3 Bh5 6. Qb3 Qc8 7. g4 Bg6 8. Bg2 c6 9. Nh4 e5 10. e3 Be7 11. O-O Qc7 12. f4 Ne4 13. Bxe4 Bxe4 14. Nxe4 Bxh4 15. Qxb7 Qxb7 16. Nxd6+ Kd8 17. Nxb7+ Kc7 18. fxe5 Kxb7 19. Rxf7 Kc8 20. Bd2 Rg8 21. Raf1 Kd8 22. e4 Ke8 23. e6 Nf6 24. Bb4 Rb8 25. Ba3 c5 26. Bxc5 Rxb2 27. Rxa7 Bg3 28. e5 Bh2+ 29. Kh1 Ne4 30. Ra8+ 1-0

[Event "LTU-chT 2020"]
[Site "Vilnius"]
[Date "2020.09.25"]
[Round "3.3"]
[White "Butvilas, Aistis"]
[Black "Krivonosov, Oleg"]
[Result "0-1"]
[ECO "D31"]
[WhiteElo "2057"]
[BlackElo "2381"]
[Annotator "NA"]
[PlyCount "100"]
[EventDate "2020.09.25"]
[EventType "team-tourn"]
[EventCountry "LTU"]
[SourceTitle "playchess.com"]
[Source "ChessBase"]
[SourceQuality "1"]
[TimeControl "40/5400+30:1800+30"]

1. d4 d5 2. c4 e6 3. Nc3 Be7 4. cxd5 exd5 5. Bf4 c6 6. e3 Bd6 7. Bxd6 Qxd6 8. Bd3 Nf6 9. Qc2 O-O 10. Nf3 Nbd7 11. O-O Re8 12. Rab1 Nf8 13. b4 Ng6 14. h3 Bd7 15. b5 c5 16. dxc5 Qxc5 17. Ne4 Nxe4 18. Bxe4 Rac8 19. Qxc5 Rxc5 20. Bxg6 hxg6 21. Nd4 Rec8 22. Rfd1 Kf8 23. Kf1 Ke7 24. Ke2 Rc4 25. Rb2 Ra4 26. Kd2 Kd6 27. b6 a6 28. Ra1 Rac4 29. a3 Ba4 30. h4 Bd7 31. g3 Ra4 32. Rb3 Rc5 33. Rab1 Rca5 34. Rc3 Rc4 35. Rcb3 Ba4 36. R3b2 Bb5 37. Nxb5+ axb5 38. Rxb5 Rxa3 39. R1b2 Kc6 40. Kd1 d4 41. exd4 Rxd4+ 42. Ke2 Ra2 43. Rxa2 Kxb5 44. Ra8 Rd7 45. Rg8 f6 46. g4 Kxb6 47. g5 fxg5 48. hxg5 Kc5 49. f4 b5 50. Re8 b4 0-1

[Event "LTU-chT 2020"]
[Site "Vilnius"]
[Date "2020.09.25"]
[Round "3.4"]
[White "Vedrickas, Tautvydas"]
[Black "Baliasnyj, Timur"]
[Result "1/2-1/2"]
[ECO "A49"]
[WhiteElo "2399"]
[BlackElo "2211"]
[Annotator "NA"]
[PlyCount "56"]
[EventDate "2020.09.25"]
[EventType "team-tourn"]
[EventCountry "LTU"]
[SourceTitle "playchess.com"]
[Source "ChessBase"]
[SourceQuality "1"]
[TimeControl "40/5400+30:1800+30"]

1. d4 Nf6 2. Nf3 g6 3. g3 Bg7 4. Bg2 O-O 5. O-O c5 6. c3 Qb6 7. b3 d6 8. Bb2 a5 9. Na3 a4 10. Nd2 cxd4 11. Ndc4 Qa6 12. cxd4 d5 13. Ne5 Qb6 14. Nd3 Bf5 15. bxa4 Bxd3 16. Qxd3 Rxa4 17. Rfb1 Nc6 18. e3 Rc8 19. Bc1 Qa6 20. Qb3 Rb4 21. Qc2 Rxb1 22. Rxb1 e6 23. Nb5 Na7 24. Nc3 Nb5 25. Bf1 Rxc3 26. Qb2 Qc6 27. Bxb5 Qc7 28. Ba4 Ne4 1/2-1/2

[Event "LTU-chT 2020"]
[Site "Vilnius"]
[Date "2020.09.25"]
[Round "3.5"]
[White "Pluta, Paulius"]
[Black "Sakalauskas, Vaidas"]
[Result "0-1"]
[ECO "B22"]
[WhiteElo "1796"]
[BlackElo "2331"]
[Annotator "NA"]
[PlyCount "72"]
[EventDate "2020.09.25"]
[EventType "team-tourn"]
[EventCountry "LTU"]
[SourceTitle "playchess.com"]
[Source "ChessBase"]
[SourceQuality "1"]
[TimeControl "40/5400+30:1800+30"]

1. e4 c5 2. c3 d5 3. exd5 Qxd5 4. d4 g6 5. Nf3 Nf6 6. Na3 cxd4 7. Nb5 Na6 8. Qxd4 Bg7 9. Bc4 Qxd4 10. Nfxd4 O-O 11. Be3 Bd7 12. Nf3 Rfc8 13. Be2 Nc5 14. Ne5 Be6 15. Nd4 Bd5 16. O-O Ne8 17. Nd3 Nxd3 18. Bxd3 Nd6 19. Nb5 Nxb5 20. Bxb5 a6 21. Rfd1 e6 22. Ba4 b5 23. Bb3 Bc4 24. Bb6 a5 25. Rd7 b4 26. Bd4 Bxd4 27. Rxd4 Bxb3 28. axb3 bxc3 29. bxc3 Rxc3 30. b4 a4 31. g3 Rb3 32. h4 a3 33. Kg2 Rb2 34. b5 a2 35. b6 Rxb6 36. Rd2 Rba6 0-1

[Event "LTU-chT 2020"]
[Site "Vilnius"]
[Date "2020.09.25"]
[Round "3.6"]
[White "Chocenka, Dmitrijus"]
[Black "Malisauskas, Vidmantas"]
[Result "0-1"]
[ECO "B66"]
[WhiteElo "2333"]
[BlackElo "2409"]
[Annotator "NA"]
[PlyCount "104"]
[EventDate "2020.09.25"]
[EventType "team-tourn"]
[EventCountry "LTU"]
[SourceTitle "playchess.com"]
[Source "ChessBase"]
[SourceQuality "1"]
[TimeControl "40/5400+30:1800+30"]

1. e4 c5 2. Nf3 d6 3. d4 cxd4 4. Nxd4 Nf6 5. Nc3 Nc6 6. Bg5 e6 7. Qd2 a6 8. O-O-O h6 9. Bh4 Bd7 10. Bg3 Nxd4 11. Qxd4 e5 12. Qd3 Rc8 13. Kb1 Qa5 14. f3 Be6 15. a3 Be7 16. Nd5 Bxd5 17. exd5 O-O 18. c4 b5 19. cxb5 axb5 20. Qxb5 Qa7 21. Bc4 Ra8 22. Bb3 Rfb8 23. Qc4 Nd7 24. Rd3 Bf6 25. Qe4 Nc5 26. Bf2 Nxe4 27. Bxa7 Rxb3 28. Rxb3 Nd2+ 29. Ka2 Nxb3 30. Kxb3 Rxa7 31. Ka2 Bg5 32. b4 Kf8 33. Kb3 Ke7 34. Re1 Kd7 35. Re4 f5 36. Re2 Bd8 37. a4 g5 38. Ra2 Kc8 39. a5 e4 40. fxe4 fxe4 41. Re2 Re7 42. Kc4 Re8 43. Kb5 Kb7 44. a6+ Ka7 45. Kc6 Bb6 46. Kd7 Rd8+ 47. Ke7 e3 48. b5 Rc8 49. Kxd6 Rf8 50. Kc6 Rf2 51. Re1 Rc2+ 52. Kd6 e2 0-1

[Event "LTU-chT 2020"]
[Site "Vilnius"]
[Date "2020.09.25"]
[Round "3.7"]
[White "Maziukas, Kasparas"]
[Black "Limontas, Martynas"]
[Result "0-1"]
[ECO "E00"]
[WhiteElo "1920"]
[BlackElo "2301"]
[Annotator "NA"]
[PlyCount "46"]
[EventDate "2020.09.25"]
[EventType "team-tourn"]
[EventCountry "LTU"]
[SourceTitle "playchess.com"]
[Source "ChessBase"]
[SourceQuality "1"]
[TimeControl "40/5400+30:1800+30"]

1. d4 Nf6 2. c4 e6 3. Nc3 c5 4. d5 exd5 5. cxd5 Bd6 6. Nf3 O-O 7. g3 Re8 8. Bg2 Bc7 9. O-O d6 10. Nd2 a6 11. a4 Nbd7 12. e4 Rb8 13. Re1 b5 14. axb5 axb5 15. Qc2 c4 16. b4 Ne5 17. Bf1 Bb6 18. h3 Nh5 19. Nd1 Nxg3 20. Qc3 Nxf1 21. Nxf1 Bd4 22. Qg3 Bxa1 23. Bh6 Qf6 0-1

[Event "LTU-chT 2020"]
[Site "Vilnius"]
[Date "2020.09.25"]
[Round "3.8"]
[White "Mickevicius, Juras"]
[Black "Likatavicius, Rapolas"]
[Result "1-0"]
[ECO "D30"]
[WhiteElo "2277"]
[BlackElo "1946"]
[Annotator "NA"]
[PlyCount "77"]
[EventDate "2020.09.25"]
[EventType "team-tourn"]
[EventCountry "LTU"]
[SourceTitle "playchess.com"]
[Source "ChessBase"]
[SourceQuality "1"]
[TimeControl "40/5400+30:1800+30"]

1. d4 d5 2. c4 e6 3. Nf3 Nf6 4. g3 Bb4+ 5. Bd2 Be7 6. Bg2 O-O 7. O-O c6 8. Qc2 b6 9. Bf4 Nh5 10. Bc1 Nf6 11. Nbd2 Bb7 12. e4 dxe4 13. Nxe4 c5 14. Nxf6+ Bxf6 15. Ng5 Bxg5 16. Bxb7 Bxc1 17. Raxc1 Nd7 18. Bxa8 Qxa8 19. Rfd1 Nf6 20. Qe2 h5 21. h3 h4 22. gxh4 g6 23. Qe3 Kg7 24. Rd3 Rh8 25. dxc5 Rxh4 26. Qf3 Qc8 27. c6 e5 28. Qg3 Rf4 29. Qg2 e4 30. Rd6 Rf3 31. c5 bxc5 32. Rxc5 Qc7 33. Rxf6 Rxf6 34. Qxe4 Qd6 35. Qe3 Re6 36. Qc3+ Kh7 37. c7 Qd1+ 38. Kg2 Re1 39. Qxe1 1-0

[Event "LTU-chT 2020"]
[Site "Vilnius"]
[Date "2020.09.25"]
[Round "3.9"]
[White "Dailidenas, Justas"]
[Black "Viskelis, Darius"]
[Result "0-1"]
[ECO "D32"]
[WhiteElo "1720"]
[BlackElo "2226"]
[Annotator "NA"]
[PlyCount "84"]
[EventDate "2020.09.25"]
[EventType "team-tourn"]
[EventCountry "LTU"]
[SourceTitle "playchess.com"]
[Source "ChessBase"]
[SourceQuality "1"]
[TimeControl "40/5400+30:1800+30"]

1. d4 d5 2. c4 e6 3. Nc3 c5 4. cxd5 cxd4 5. Qxd4 Nc6 6. Qd1 exd5 7. e3 Nf6 8. Nf3 a6 9. a3 Bd6 10. Be2 O-O 11. O-O Be6 12. b4 Rc8 13. Bb2 Bb8 14. Na4 Ne4 15. Rc1 f6 16. Nd4 Qd6 17. g3 Bh3 18. Re1 Ne5 19. Nb3 Rxc1 20. Nxc1 Nc4 21. Bxc4 dxc4 22. Qxd6 Bxd6 23. f3 Nd2 24. Kf2 Be5 25. Ne2 b5 26. Bc3 Nb3 27. Bxe5 fxe5 28. Nac3 Bg4 29. f4 Rd8 30. Rd1 Nd2 31. Ra1 Rd3 32. fxe5 Nb3 33. Ra2 Nc1 34. Nxc1 Rxc3 35. Ne2 Rb3 36. Nd4 Rb1 37. a4 bxa4 38. Rxa4 c3 39. Rxa6 c2 40. e6 Rf1+ 41. Kxf1 c1=Q+ 42. Kg2 Bh3+ 0-1

[Event "LTU-chT 2020"]
[Site "Vilnius"]
[Date "2020.09.25"]
[Round "3.10"]
[White "Bastys, Robertas"]
[Black "Posaskov, Nikita"]
[Result "1-0"]
[ECO "B50"]
[WhiteElo "2232"]
[BlackElo "1745"]
[Annotator "NA"]
[PlyCount "57"]
[EventDate "2020.09.25"]
[EventType "team-tourn"]
[EventCountry "LTU"]
[SourceTitle "playchess.com"]
[Source "ChessBase"]
[SourceQuality "1"]
[TimeControl "40/5400+30:1800+30"]

1. e4 c5 2. Nf3 d6 3. g3 Nf6 4. d3 g6 5. Bg2 Bg7 6. O-O O-O 7. c3 Nc6 8. Qe2 e5 9. a3 a6 10. b4 b5 11. Be3 Qe7 12. Nbd2 a5 13. bxc5 dxc5 14. Nb3 Nd7 15. Bg5 f6 16. Be3 Ba6 17. Bh3 f5 18. exf5 gxf5 19. Nh4 a4 20. Nd2 f4 21. Bxd7 Qxd7 22. Bxc5 Rfd8 23. Ne4 Qxd3 24. Qxd3 Rxd3 25. Nf5 Bf8 26. Rfd1 Rxd1+ 27. Rxd1 fxg3 28. hxg3 Bc8 29. Nfd6 1-0

[Event "LTU-chT 2020"]
[Site "Vilnius"]
[Date "2020.09.26"]
[Round "4.1"]
[White "Laurusas, Tomas"]
[Black "Chocenka, Dmitrijus"]
[Result "1-0"]
[ECO "E62"]
[WhiteElo "2503"]
[BlackElo "2333"]
[Annotator "ChessBase"]
[PlyCount "109"]
[EventDate "2020.09.25"]
[EventType "team-tourn"]
[EventCountry "LTU"]
[SourceTitle "playchess.com"]
[Source "ChessBase"]
[SourceQuality "1"]
[TimeControl "40/5400+30:1800+30"]

1. d4 Nf6 2. c4 g6 3. g3 Bg7 4. Bg2 d6 5. Nf3 O-O 6. O-O Nc6 7. Nc3 Bf5 8. Ne1 Qd7 9. e4 Bh3 10. Nc2 Bxg2 11. Kxg2 e5 12. d5 Ne7 13. b4 Nh5 14. Be3 f5 15. exf5 Nxf5 16. Ne4 h6 17. f3 Rf7 18. Qd3 Raf8 19. Rad1 Kh8 20. c5 a6 21. Rf2 Kh7 22. Rdf1 Ne7 23. Rd2 Nf6 24. Nc3 Nh5 25. Qc4 Nf5 26. Ne4 Nf6 27. Nc3 Nh5 28. Rdf2 Ne7 29. a4 Nf6 30. Rd1 Kh8 31. b5 axb5 32. axb5 g5 33. Rdf1 b6 34. cxb6 cxb6 35. Nb4 Nf5 36. Qd3 e4 37. Nxe4 Nxe3+ 38. Qxe3 Qxb5 39. Nxf6 Rxf6 40. Rb1 Rf5 41. Qe4 Qc5 42. Nc6 R5f7 43. Ne7 Rb8 44. Ng6+ Kg8 45. Rc2 Qa3 46. Ne7+ Kf8 47. Ng6+ Kg8 48. Rbc1 Bf6 49. Rc7 Rxc7 50. Rxc7 Qb2+ 51. Kh3 Bg7 52. Qe6+ Kh7 53. Qf5 Kg8 54. Ne7+ Kh8 55. Rc8+ 1-0

[Event "LTU-chT 2020"]
[Site "Vilnius"]
[Date "2020.09.26"]
[Round "4.2"]
[White "Limontas, Martynas"]
[Black "Pultinevicius, Paulius"]
[Result "1/2-1/2"]
[ECO "B11"]
[WhiteElo "2301"]
[BlackElo "2510"]
[Annotator "ChessBase"]
[PlyCount "62"]
[EventDate "2020.09.25"]
[EventType "team-tourn"]
[EventCountry "LTU"]
[SourceTitle "playchess.com"]
[Source "ChessBase"]
[SourceQuality "1"]
[TimeControl "40/5400+30:1800+30"]

1. e4 c6 2. Nc3 d5 3. Nf3 Bg4 4. h3 Bxf3 5. Qxf3 e6 6. g3 Nd7 7. d4 Qb6 8. exd5 cxd5 9. Qd3 Ngf6 10. Bg2 Bd6 11. O-O O-O 12. Ne2 Rfc8 13. c3 h6 14. Kh1 Rab8 15. Rb1 Qc6 16. Bf4 Bxf4 17. Nxf4 b5 18. Qd2 a5 19. Nd3 Ne4 20. Qe1 Qc4 21. Bxe4 dxe4 22. Qxe4 Qxa2 23. Ra1 Qc4 24. Kg2 a4 25. Qf3 Rd8 26. Rfe1 Rbc8 27. Nb4 Nf6 28. Re5 Nd7 29. Re2 Nf6 30. Re5 Nd7 31. Re2 Nf6 1/2-1/2

[Event "LTU-chT 2020"]
[Site "Vilnius"]
[Date "2020.09.26"]
[Round "4.3"]
[White "Krivonosov, Oleg"]
[Black "Mickevicius, Juras"]
[Result "1/2-1/2"]
[ECO "A05"]
[WhiteElo "2381"]
[BlackElo "2277"]
[Annotator "ChessBase"]
[PlyCount "95"]
[EventDate "2020.09.25"]
[EventType "team-tourn"]
[EventCountry "LTU"]
[SourceTitle "playchess.com"]
[Source "ChessBase"]
[SourceQuality "1"]
[TimeControl "40/5400+30:1800+30"]

1. Nf3 Nf6 2. c4 e6 3. g3 d5 4. d4 dxc4 5. Qa4+ Nbd7 6. Bg2 a6 7. Nc3 Rb8 8. Qxc4 b5 9. Qd3 Bb7 10. O-O c5 11. dxc5 Bxc5 12. Bf4 Rc8 13. Rad1 O-O 14. Ne5 Bxg2 15. Kxg2 Nxe5 16. Bxe5 Be7 17. Qxd8 Rfxd8 18. Rxd8+ Rxd8 19. Rd1 Rxd1 20. Nxd1 Nd7 21. Bc7 f5 22. f3 Kf7 23. Nf2 Nf6 24. Nd3 Nd5 25. Be5 Nb4 26. Nxb4 Bxb4 27. g4 g6 28. Kf2 Bc5+ 29. e3 Ke7 30. h3 Kd7 31. Ke2 Kc6 32. Kd3 Kd5 33. Bc3 e5 34. e4+ fxe4+ 35. fxe4+ Ke6 36. b3 Bd6 37. a4 Kd7 38. axb5 axb5 39. Bd2 Ke6 40. Ke2 Bc5 41. Bh6 Bd6 42. Kf3 Bc5 43. Bd2 Bd6 44. Be3 Be7 45. Ke2 Bd6 46. Kd3 Be7 47. Kc3 Bd6 48. Kd3 1/2-1/2

[Event "LTU-chT 2020"]
[Site "Vilnius"]
[Date "2020.09.26"]
[Round "4.4"]
[White "Bucinskas, Valdas"]
[Black "Vedrickas, Tautvydas"]
[Result "1/2-1/2"]
[ECO "B20"]
[WhiteElo "2262"]
[BlackElo "2399"]
[Annotator "ChessBase"]
[PlyCount "102"]
[EventDate "2020.09.25"]
[EventType "team-tourn"]
[EventCountry "LTU"]
[SourceTitle "playchess.com"]
[Source "ChessBase"]
[SourceQuality "1"]
[TimeControl "40/5400+30:1800+30"]

1. e4 c5 2. b3 d6 3. Bb2 e5 4. Bb5+ Nd7 5. Nc3 a6 6. Bxd7+ Bxd7 7. Nd5 Nf6 8. Nxf6+ Qxf6 9. Qf3 Qg6 10. d3 Be7 11. Ne2 O-O 12. Nc3 Rae8 13. O-O Bh4 14. Nd5 f5 15. Qh3 Bd8 16. Ne3 Rf7 17. Nxf5 Bxf5 18. exf5 Rxf5 19. Rae1 Ref8 20. Bc1 Rf3 21. Qd7 Bh4 22. Re2 R3f7 23. Qh3 Bd8 24. Qe3 Rf4 25. Qh3 Rh4 26. Qg3 Rg4 27. Qh3 Rh4 28. Qg3 Qh5 29. Re4 Rxe4 30. dxe4 Qe2 31. Qd3 Qxd3 32. cxd3 Kf7 33. g3 Ke6 34. Be3 Ba5 35. f4 g6 36. fxe5 Rxf1+ 37. Kxf1 Kxe5 38. Ke2 h5 39. Bf4+ Ke6 40. h3 Bc3 41. g4 hxg4 42. hxg4 Be5 43. Bd2 Kd7 44. a4 Kc6 45. Be1 b5 46. axb5+ Kxb5 47. Kd1 Kc6 48. Ke2 Kd7 49. Bd2 Ke6 50. Kf3 Kf6 51. Be1 Ke6 1/2-1/2

[Event "LTU-chT 2020"]
[Site "Vilnius"]
[Date "2020.09.26"]
[Round "4.5"]
[White "Sakalauskas, Vaidas"]
[Black "Viskelis, Darius"]
[Result "1/2-1/2"]
[ECO "D32"]
[WhiteElo "2331"]
[BlackElo "2226"]
[Annotator "NA"]
[PlyCount "33"]
[EventDate "2020.09.25"]
[EventType "team-tourn"]
[EventCountry "LTU"]
[SourceTitle "playchess.com"]
[Source "ChessBase"]
[SourceQuality "1"]
[TimeControl "40/5400+30:1800+30"]

1. d4 d5 2. c4 e6 3. Nc3 c5 4. cxd5 exd5 5. Nf3 Nc6 6. dxc5 d4 7. Na4 Bxc5 8. Nxc5 Qa5+ 9. Bd2 Qxc5 10. Rc1 Qb6 11. e3 Nf6 12. Bc4 O-O 13. O-O Bg4 14. exd4 Qxb2 15. Bc3 Qa3 16. d5 Rfd8 17. Re1 1/2-1/2

[Event "LTU-chT 2020"]
[Site "Vilnius"]
[Date "2020.09.26"]
[Round "4.6"]
[White "Indriunas, Matas"]
[Black "Sulskis, Sarunas"]
[Result "1/2-1/2"]
[ECO "C80"]
[WhiteElo "2217"]
[BlackElo "2524"]
[Annotator "ChessBase"]
[PlyCount "109"]
[EventDate "2020.09.25"]
[EventType "team-tourn"]
[EventCountry "LTU"]
[SourceTitle "playchess.com"]
[Source "ChessBase"]
[SourceQuality "1"]
[TimeControl "40/5400+30:1800+30"]

1. e4 e5 2. Nf3 Nc6 3. Bb5 a6 4. Ba4 Nf6 5. O-O Nxe4 6. d4 b5 7. Bb3 exd4 8. Re1 d5 9. Nc3 Be6 10. Nxe4 dxe4 11. Rxe4 Be7 12. Bxe6 fxe6 13. Nxd4 O-O 14. Qg4 Nxd4 15. Rxd4 Qc8 16. Re4 Bf6 17. c3 e5 18. Qxc8 Rfxc8 19. Be3 Rab8 20. b3 Rd8 21. Kf1 h6 22. Ke2 Rd6 23. Rd1 Kf7 24. c4 Rxd1 25. Kxd1 Ke6 26. Kc2 c6 27. f3 g5 28. Kc3 a5 29. cxb5 cxb5 30. a4 Kd5 31. axb5 Rxb5 32. Kc2 Be7 33. Bd2 Bb4 34. Bxb4 axb4 35. Kd3 Ra5 36. Rxb4 Ra2 37. Rg4 Ke6 38. h4 gxh4 39. Rxh4 Rxg2 40. Rxh6+ Kd5 41. Rb6 Rg3 42. Rb5+ Kc6 43. Rxe5 Rxf3+ 44. Kc4 Rf4+ 45. Kc3 Rh4 46. Re8 Kb6 47. Rd8 Rh1 48. Kc4 Rh6 49. Rd4 Rg6 50. Rh4 Rf6 51. b4 Rg6 52. b5 Rf6 53. Kb4 Rg6 54. Rf4 Rh6 55. Rg4 1/2-1/2

[Event "LTU-chT 2020"]
[Site "Vilnius"]
[Date "2020.09.26"]
[Round "4.7"]
[White "Bieliauskas, Marius"]
[Black "Zilakauskis, Steponas"]
[Result "1-0"]
[ECO "A67"]
[WhiteElo "2207"]
[BlackElo "1808"]
[Annotator "ChessBase"]
[PlyCount "69"]
[EventDate "2020.09.25"]
[EventType "team-tourn"]
[EventCountry "LTU"]
[SourceTitle "playchess.com"]
[Source "ChessBase"]
[SourceQuality "1"]
[TimeControl "40/5400+30:1800+30"]

1. d4 Nf6 2. c4 c5 3. d5 e6 4. Nc3 exd5 5. cxd5 d6 6. e4 g6 7. f4 Bg7 8. Bb5+ Nfd7 9. Be2 O-O 10. Nf3 Re8 11. O-O Na6 12. Kh1 Nc7 13. a4 Rb8 14. Nd2 Nf6 15. Bf3 a6 16. Nc4 b5 17. axb5 axb5 18. Nxd6 Qxd6 19. e5 Rxe5 20. fxe5 Qxe5 21. Qe1 Qd6 22. Ne4 Nxe4 23. Qxe4 Be5 24. Re1 f6 25. Be3 Bf5 26. Qh4 g5 27. Qf2 Bxh2 28. Bxc5 Qf4 29. Bd1 Bg3 30. Qxf4 gxf4 31. Re7 Rc8 32. d6 Nd5 33. Bb3 Rxc5 34. Ra8+ Bc8 35. Rc7 1-0

[Event "LTU-chT 2020"]
[Site "Vilnius"]
[Date "2020.09.26"]
[Round "4.8"]
[White "Pilipuitis, Mantas"]
[Black "Steponavicius, Stasys"]
[Result "0-1"]
[ECO "B34"]
[WhiteElo "1837"]
[BlackElo "2191"]
[Annotator "NA"]
[PlyCount "80"]
[EventDate "2020.09.25"]
[EventType "team-tourn"]
[EventCountry "LTU"]
[SourceTitle "playchess.com"]
[Source "ChessBase"]
[SourceQuality "1"]
[TimeControl "40/5400+30:1800+30"]

1. e4 c5 2. Nf3 Nc6 3. d4 cxd4 4. Nxd4 Nf6 5. Nc3 e5 6. Ndb5 d6 7. Bg5 a6 8. Bxf6 gxf6 9. Na3 Be6 10. Nd5 f5 11. exf5 Qa5+ 12. Nc3 Bxf5 13. Nc4 Qd8 14. Ne3 Be6 15. Ncd5 Bh6 16. Bc4 Bxe3 17. Nxe3 Bxc4 18. Nxc4 d5 19. Ne3 d4 20. Nf5 Qd5 21. O-O O-O-O 22. Qe2 Rhg8 23. f4 e4 24. Ng3 f5 25. Qh5 Rdf8 26. Rfe1 Qd7 27. a3 Rg4 28. Rad1 Rg6 29. Kh1 Rff6 30. Rd2 Rh6 31. Qg5 Qf7 32. c3 Ne7 33. Nxe4 fxe4 34. Rxe4 Nf5 35. Re5 Rhg6 36. Qh5 Ng3+ 37. hxg3 Rh6 38. Qxh6 Rxh6+ 39. Kg1 dxc3 40. bxc3 Rc6 0-1

[Event "LTU-chT 2020"]
[Site "Vilnius"]
[Date "2020.09.26"]
[Round "4.9"]
[White "Miknevicius, Laurynas"]
[Black "Bazilius, Augustinas"]
[Result "1-0"]
[ECO "D85"]
[WhiteElo "2192"]
[BlackElo "1642"]
[Annotator "ChessBase"]
[PlyCount "131"]
[EventDate "2020.09.25"]
[EventType "team-tourn"]
[EventCountry "LTU"]
[SourceTitle "playchess.com"]
[Source "ChessBase"]
[SourceQuality "1"]
[TimeControl "40/5400+30:1800+30"]

1. d4 Nf6 2. c4 g6 3. Nc3 d5 4. cxd5 Nxd5 5. e4 Nxc3 6. bxc3 Bg7 7. Nf3 c5 8. Rb1 O-O 9. Be2 cxd4 10. cxd4 Qa5+ 11. Bd2 Qxa2 12. O-O Bg4 13. Bg5 h6 14. Be3 Nc6 15. Rxb7 Rab8 16. Rxb8 Rxb8 17. Re1 Rb2 18. h3 Bxf3 19. Bxf3 Nxd4 20. e5 Bxe5 21. Bxd4 Rd2 22. Bxe5 Rxd1 23. Rxd1 Qa5 24. Rd5 Qb6 25. Bd4 Qb1+ 26. Kh2 Qb8+ 27. g3 Qc7 28. Kg2 f6 29. Be3 Kg7 30. Rb5 a5 31. Bc5 Kf8 32. Be3 Kg7 33. Rb7 Qd6 34. Ra7 Qb4 35. Rb7 Qd6 36. Bb6 a4 37. Ba5 Kf7 38. Bb4 Qe6 39. Rxe7+ Qxe7 40. Bxe7 Kxe7 41. Bd5 Kd6 42. Bf7 a3 43. Kf3 Kc5 44. Ke4 Kb4 45. Kd4 g5 46. Ke4 Kc3 47. h4 Kd2 48. f4 gxh4 49. gxh4 h5 50. Bc4 Kc3 51. Bd5 Kd2 52. Kf5 Ke3 53. Bf7 Kf3 54. Bxh5+ Kg3 55. Bf7 Kxh4 56. Kxf6 Kg4 57. f5 Kf4 58. Ba2 Ke4 59. Ke6 Kd3 60. f6 Kc2 61. f7 Kb2 62. Bd5 Ka1 63. f8=Q Kb2 64. Qb4+ Kc1 65. Qc3+ Kd1 66. Bf3# 1-0

[Event "LTU-chT 2020"]
[Site "Vilnius"]
[Date "2020.09.26"]
[Round "4.10"]
[White "Viliamas, Dovydas"]
[Black "Tamosiunas, Tomas"]
[Result "1/2-1/2"]
[ECO "E11"]
[WhiteElo "1554"]
[BlackElo "1969"]
[Annotator "NA"]
[PlyCount "67"]
[EventDate "2020.09.25"]
[EventType "team-tourn"]
[EventCountry "LTU"]
[SourceTitle "playchess.com"]
[Source "ChessBase"]
[SourceQuality "1"]
[TimeControl "40/5400+30:1800+30"]

1. d4 Nf6 2. c4 e6 3. Nf3 Bb4+ 4. Bd2 Bxd2+ 5. Nbxd2 O-O 6. e3 d6 7. Qc2 Qe7 8. Be2 e5 9. dxe5 dxe5 10. O-O Nc6 11. Nb3 Bg4 12. a3 a5 13. Rad1 a4 14. Nc1 e4 15. Nd4 Nxd4 16. Rxd4 c5 17. Rd2 Bd7 18. Rfd1 Bc6 19. Rd6 Rfd8 20. Qd2 Rxd6 21. Qxd6 Qxd6 22. Rxd6 Kf8 23. Na2 Ke7 24. Rd2 b6 25. Nc3 h6 26. f3 Ke6 27. Kf2 g5 28. fxe4 Nxe4+ 29. Nxe4 Bxe4 30. Bf3 f5 31. Bxe4 fxe4 32. Kg3 b5 33. cxb5 Rb8 34. Rc2 1/2-1/2

[Event "LTU-chT 2020"]
[Site "Vilnius"]
[Date "2020.09.26"]
[Round "5.1"]
[White "Sulskis, Sarunas"]
[Black "Laurusas, Tomas"]
[Result "0-1"]
[ECO "B40"]
[WhiteElo "2524"]
[BlackElo "2503"]
[Annotator "ChessBase"]
[PlyCount "132"]
[EventDate "2020.09.25"]
[EventType "team-tourn"]
[EventCountry "LTU"]
[SourceTitle "playchess.com"]
[Source "ChessBase"]
[SourceQuality "1"]
[TimeControl "40/5400+30:1800+30"]

1. e4 c5 2. Nf3 e6 3. g3 Nc6 4. Bg2 Nf6 5. d3 d6 6. O-O Be7 7. c4 O-O 8. Nc3 a6 9. d4 cxd4 10. Nxd4 Bd7 11. a4 Qb6 12. Nxc6 Bxc6 13. b3 Qc7 14. Re1 b6 15. Ra2 Rab8 16. Bf4 Rfd8 17. Rd2 Ne8 18. Rc2 Ba8 19. Be3 Nf6 20. f4 Rbc8 21. Qe2 Qb8 22. Bf2 Bf8 23. h3 h6 24. Rd1 Bc6 25. Kh2 Nd7 26. b4 Ba8 27. Rdc1 Qc7 28. Nd1 a5 29. bxa5 bxa5 30. c5 Nxc5 31. Bxc5 dxc5 32. Nc3 Bc6 33. Nb5 Qd7 34. e5 Bxg2 35. Qxg2 Qd3 36. Rc3 Qd5 37. Qe2 Rd7 38. Rc4 Rcd8 39. Nc3 Qd3 40. Qxd3 Rxd3 41. Ne4 Ra3 42. h4 h5 43. R1c2 Kh7 44. Nd6 Kg6 45. Rd2 f6 46. Rxc5 Rxa4 47. Rc6 Ra1 48. Re2 a4 49. Nc4 a3 50. exf6 gxf6 51. Rcxe6 Ra8 52. Ne5+ Kg7 53. Nd7 a2 54. Nxf6 Rh1+ 55. Kxh1 a1=Q+ 56. Kg2 Ra5 57. Nd7 Bb4 58. Ne5 Qd1 59. Nf3 Ra1 60. Nh2 Qg1+ 61. Kh3 Ra3 62. Rg2 Qc5 63. Rge2 Qf5+ 64. Kg2 Qd3 65. R6e3 Qxe3 66. Rxe3 Rxe3 0-1

[Event "LTU-chT 2020"]
[Site "Vilnius"]
[Date "2020.09.26"]
[Round "5.2"]
[White "Pultinevicius, Paulius"]
[Black "Bieliauskas, Marius"]
[Result "1/2-1/2"]
[ECO "A35"]
[WhiteElo "2510"]
[BlackElo "2207"]
[Annotator "ChessBase"]
[PlyCount "94"]
[EventDate "2020.09.25"]
[EventType "team-tourn"]
[EventCountry "LTU"]
[SourceTitle "playchess.com"]
[Source "ChessBase"]
[SourceQuality "1"]
[TimeControl "40/5400+30:1800+30"]

1. Nf3 c5 2. c4 Nf6 3. Nc3 Nc6 4. e3 g6 5. d4 cxd4 6. exd4 d5 7. cxd5 Nxd5 8. Qb3 Nxc3 9. Bc4 Nd5 10. Bxd5 e6 11. Bxc6+ bxc6 12. O-O f6 13. Bf4 Qd5 14. Rfc1 Be7 15. Qxd5 cxd5 16. Nd2 Kf7 17. Rc7 Rd8 18. Rac1 g5 19. Bg3 Bd7 20. Rb7 Bc8 21. Rbc7 Bd7 22. Nb3 Ke8 23. Nc5 Bxc5 24. R7xc5 Rdc8 25. Bc7 a6 26. f3 Kf7 27. Kf2 h5 28. Ke3 Kg6 29. Kd2 g4 30. R1c3 Kf5 31. Ra3 Bb5 32. Ke3 Be8 33. Raa5 Ra7 34. Bb6 Rxc5 35. dxc5 Ra8 36. a4 e5 37. b4 d4+ 38. Kf2 gxf3 39. gxf3 Bc6 40. b5 axb5 41. Rxa8 Bxa8 42. axb5 Bd5 43. c6 Ke6 44. Bc5 Kf5 45. Kg3 Kg5 46. Kf2 Kf5 47. Kg3 Kg5 1/2-1/2